 Dungeon Crawl Stone Soup version 0.20.1-1-g8b1a95d66d (webtiles) character file.

20 Phantomfrettchen the Insei (level 2, 0/18 HPs)
             Began as an Octopode Transmuter on Nov 14, 2017.
             Was an Initiate of Cheibriados.
             Slain by Sigmund
             ... wielding a +3 scythe
              (14 damage)
             ... on level 3 of the Dungeon.
             The game lasted 00:03:01 (1175 turns).

Phantomfrettchen the Insei (Octopode Transmuter)    Turns: 1175, Time: 00:03:02

Health: 0/18       AC:  1    Str: 10    XL:     2   Next: 79%
Magic:  5/5        EV: 19    Int: 16    God:    Cheibriados [......]
Gold:   101        SH:  0    Dex: 18    Spells: 2/5 levels left

rFire    . . .     SeeInvis .     - Unarmed
rCold    . . .     Gourm    .   (no shield)
rNeg     . . .     Faith    .   (helmet restricted)
rPois    .         Spirit   .   (no amulet)
rElec    .         Reflect  .   (no ring)
rCorr    .         Harm     .   (no ring)
MR       .....                  (no ring)
Stlth    ++++......             (no ring)
Regen    0.1/turn               (no ring)
MPRegen  0.1/turn               (no ring)
                                (no ring)
                                (no ring)

@: agile, hasted, very quick
A: almost no armour, stealthy swim, amphibious, 8 rings, constrict 8, camouflage
1, gelatinous body 1
a: Bend Time, Renounce Religion


You were on level 3 of the Dungeon.
You worshipped Cheibriados.
Cheibriados was noncommittal.
You were not hungry.

You visited 1 branch of the dungeon, and saw 3 of its levels.

You collected 101 gold pieces.

Inventory:

Missiles
 a - 72 arrows
 f - 47 stones (quivered)
Jewellery
 d - an uncursed ring of fire {unknown}
 p - an uncursed amulet of harm {unknown}
Scrolls
 g - a scroll of immolation {unknown}
 h - 2 scrolls of teleportation {unknown}
 j - 4 scrolls of remove curse {unknown}
 l - a scroll of identify {unknown}
 n - a scroll of fog {unknown}
 r - a scroll of magic mapping {unknown}
Books
 b - a book of Changes

   Spells                             Type                      Level
   a - Beastly Appendage              Transmutation                1
   b - Sticks to Snakes               Transmutation                2
   c - Spider Form                    Transmutation/Poison         3
   d - Ice Form                       Ice/Transmutation            4
   e - Blade Hands                    Transmutation                5
Comestibles
 c - 3 bread rations
 i - a royal jelly
 k - a chunk of flesh
 m - 2 fruits


   Skills:
 + Level 1.0 Fighting
 + Level 2.2 Dodging
 + Level 3.5 Unarmed Combat
 + Level 2.1 Spellcasting
 + Level 2.2 Transmutations


You had 2 spell levels left.
You knew the following spells:

 Your Spells              Type           Power        Failure   Level  Hunger
a - Beastly Appendage     Tmut           #.....       9%          1    #......
b - Sticks to Snakes      Tmut           #.......     12%         2    ###....


Dungeon Overview and Level Annotations

Branches:
Dungeon (3/15)

Altars:
Cheibriados

Annotations:
D:3 Sigmund


Innate Abilities, Weirdness & Mutations

You cannot wear most types of armour.
You are very stealthy in the water. (Stealth+)
You are amphibious.
You can wear up to eight rings at the same time.
You can use your tentacles to constrict eight enemies at once.
Your skin changes colour to match your surroundings (Stealth+).
Your rubbery body absorbs attacks. (AC +1, EV +1)


Message History

You continue memorising.
The leopard gecko barely misses you.
You finish memorising.
Spell assigned to 'b'.
You closely miss the leopard gecko. Your grab misses the leopard gecko.
The leopard gecko bites you.
You barely miss the leopard gecko. You grab the leopard gecko.
You constrict the leopard gecko. Something hits you.
You barely miss the leopard gecko.
The leopard gecko is lightly wounded.
You constrict the leopard gecko. The leopard gecko barely misses you.
You tentacle-slap the leopard gecko but do no damage.
The leopard gecko is moderately wounded.
You constrict the leopard gecko, but do no damage.
The leopard gecko misses you.
You tentacle-slap the leopard gecko.
You kill the leopard gecko!
Cheibriados appreciates the change of pace.
Something hits you!
Ouch! That really hurt!
You die...

# #..# #..........# #
##.###..........# ###
#......<.......# +.#
###..#.##########
#.######### #....#.#
'.........#######....#.#
#.#######......##....#.#
#'##### #......##....#.#
......# #......†@..#...#
......# ##.....###.#...#
......# #.....# #.#...#
......# #.....# #.#..>..
......# #.....# #.# ####
......# #.....# .#
......# #.....# .#
......# #.....#


There were no monsters in sight!

Vanquished Creatures
  4 leopard geckos
  A ball python (D:3)
  A bat (D:3)
  A giant cockroach (D:3)
  A hobgoblin (D:1)
  3 kobolds
  A goblin (D:2)
  2 rats (D:1)
14 creatures vanquished.

Notes
Turn   | Place    | Note
-------+----------+-------------------------------------------
     0 | D:1      | Phantomfrettchen the Octopode Transmuter began the quest for the Orb.
     0 | D:1      | Reached XP level 1. HP: 13/13 MP: 3/3
   779 | D:2      | Reached XP level 2. HP: 7/18 MP: 3/5
   916 | D:2      | Found a snail-covered altar of Cheibriados.
   927 | D:2      | Became a worshipper of Cheibriados the Contemplative
  1137 | D:3      | Noticed Sigmund
  1171 | D:3      | Learned a level 2 spell: Sticks to Snakes
  1175 | D:3      | Slain by Sigmund

Action                   || total
-------------------------++-------
Melee: Unarmed           ||    32
       Constrict         ||    10
       Tentacles         ||     3
       Kick              ||     2
 Cast: Beastly Appendage ||     2
  Use: Potion            ||     3
 Stab: Sleeping          ||     2
  Eat: Chunk             ||     1
Armor: Skin              ||     2
Dodge: Dodged            ||    27
